Stars vs Sabres

Created - 29 mars 2022 at 16:33

Goals
1 2 3 OT1 T
Stars 1 0 1 1 3
Sabres 1 0 1 0 2
Shots
1 2 3 OT1 T
Stars 9 13 13 1 36
Sabres 12 14 17 0 43

GoalsPenalties
1st period
1. Sabres , Nico Hischier 31 (Torey Krug 35, Andrew Copp 15) at 0:40
2. Stars , Frans Nielsen 8 (Mikko Koivu 8, Dominik Simon 2) at 8:51
Deryk Engelland (DAL) for Holding (Minor) at 10:57
2nd period
No Goal
Deryk Engelland (DAL) for Roughing (Minor) at 0:43
Robert Hagg (BUF) for Interference (Minor) at 4:58
Ryan Suter (DAL) for Holding Stick (Minor) at 16:19
3rd period
3. Stars , Mikko Koivu 8 (Brogan Rafferty 2, Frans Nielsen 6) at 5:10
4. Sabres , Jake DeBrusk 17 (Chris Tierney 19) at 6:44 (PP)
Andreas Athanasiou (DAL) for Hooking (Minor) at 2:44
Jordan Greenway (DAL) for Hooking (Minor) at 5:41
Nico Hischier (BUF) for Roughing (Minor) at 7:57
Overtime #1
5. Stars , Ville Heinola 2 (Andrei Svechnikov 36, Elias Pettersson 45) at 0:34
No Penalty
Goalie Stats
Jake Oettinger (DAL), 41 saves from 43 shots - (0,953), W, 17-15-2, 60:35 minutes
Ilya Samsonov (BUF), 33 saves from 36 shots - (0,917), OTL, 20-25-6, 60:35 minutes
3 StarsOfficial
1 - Mikko Koivu (DAL)
2 - Jake Oettinger (DAL)
3 - Frans Nielsen (DAL)
Referees : Tim Peel and Francis Charron
Linesman : Lonnie Cameron and Don Henderson
Game Note
No Game Note



Team Name Goals Shots Shots Attemp Shots Blocked PIM HIT PP PK FO%
Stars 33660510240 / 2 (0%)144%
Sabres 2436484231 / 5 (20%)056%

Stars
Player Name POS G A P +/- PIM HIT SHT SB MP PP MP PP SHT PK MP PK SHT FO% FOT
Andreas AthanasiouC0000212010:280:0000:00019% 16
Andrei SvechnikovLW/RW0111016020:471:4624:51067% 3
Brogan RaffertyD0110001016:020:0001:0700% 0
Cody GlassC000-1000015:140:0000:0000% 1
Deryk EngellandD0000450123:331:3702:1800% 0
Dominik SimonC/LW/RW011200207:560:0000:1000% 0
Dylan LarkinC000-1003017:262:1200:00059% 27
Elias PetterssonC0111007019:591:4614:04044% 27
Frans NielsenC112201109:582:1200:0000% 0
Jason RobertsonLW0000002017:352:1204:55033% 9
Jordan GreenwayLW/RW000-1254120:571:4603:5800% 1
Martin NecasC/RW0000004013:340:0000:000100% 1
Mikko KoivuC112202107:460:0000:00050% 12
Ron HainseyD0001000219:172:2105:2400% 0
Ryan SuterD0000210126:182:2103:2200% 0
Tucker PoolmanD0001010011:320:0000:0000% 0
Ville HeinolaD1011011023:501:3705:4700% 0
Warren FoegeleLW/RW0000062010:290:0000:0000% 0
Sabres
Player Name POS G A P +/- PIM HIT SHT SB MP PP MP PP SHT PK MP PK SHT FO% FOT
Anders BjorkLW000-101007:120:0000:0000% 0
Andrew CoppC/LW0110004017:580:0000:00020% 5
Blake LizotteC000-100107:120:0000:00050% 8
Chris TierneyC0110001118:265:0201:59050% 28
Jack RoslovicC/RW000-1033115:003:5720:00050% 2
Jake DeBruskLW/RW1010008018:265:0241:59067% 6
Jakob SilfverbergLW/RW000-1016018:045:0221:5900% 0
Jonas BrodinD0000004323:124:5121:4300% 0
Kevan MillerD000-1001110:430:0000:2600% 0
Nick JensenD0000011121:474:0812:0900% 0
Nico HischierC1011203021:193:5700:00062% 34
Phil KesselRW0000004017:213:5721:5900% 0
Pierre EngvallC/LW/RW000-101207:120:0000:000100% 1
Robert BortuzzoD000-2043021:274:0831:4900% 0
Robert HaggD0000220116:370:0000:0000% 0
Tanner PearsonLW/RW0000051017:580:0000:0000% 1
Torey KrugD0110041026:484:5101:4900% 0
Valtteri FilppulaC000-1010011:030:0000:00067% 12

Stars

5 vs 5 Forward
Line #Left WingCenterRight WingPHYDFOFWanted %Time %Time Play
1Andrei SvechnikovElias PetterssonMartin Necas0053029%13:34
2Jordan GreenwayDylan LarkinCody Glass0053032%15:14
3Jason RobertsonAndreas AthanasiouWarren Foegele1222422%10:29
4Dominik SimonMikko KoivuFrans Nielsen1401617%7:46
5 vs 5 Defense
Line #DefenseDefensePHYDFOFWanted %Time %Time Play
1Ville HeinolaRyan Suter1223034%15:51
2Brogan RaffertyDeryk Engelland1223031%14:24
3Ron HainseyTucker Poolman1222425%11:32
4Deryk EngellandRyan Suter1221611%5:16
Power Play Forward
Line #Left WingCenterRight WingPHYDFOFWanted %Time %Time Play
1Andrei SvechnikovElias PetterssonJordan Greenway1225045%1:46
2Jason RobertsonDylan LarkinFrans Nielsen1225055%2:12
Power Play Defense
Line #DefenseDefensePHYDFOFWanted %Time %Time Play
1Ron HainseyRyan Suter1225059%2:21
2Ville HeinolaDeryk Engelland1225041%1:37
Penalty Kill 4 Players Forward
Line #CenterWingPHYDFOFWanted %Time %Time Play
1Elias PetterssonAndrei Svechnikov1225045%4:04
2Jason RobertsonJordan Greenway1225055%4:55
Penalty Kill 4 Players Defense
Line #DefenseDefensePHYDFOFWanted %Time %Time Play
1Ron HainseyRyan Suter1225046%4:08
2Ville HeinolaDeryk Engelland1225054%4:51
Penalty Kill 3 Players
Line #WingPHYDFOFWanted %Time %Time PlayDefenseDefensePHYDFOFWanted %Time %Time Play
1Elias Pettersson122500%0:00 Ron HainseyRyan Suter122500%0:00
2Andrei Svechnikov122500%0:00 Ville HeinolaDeryk Engelland122500%0:00
4 vs 4 Forward
Line #CenterWingPHYDFOFWanted %Time %Time Play
1Elias PetterssonAndrei Svechnikov122500%0:00
2Jason RobertsonJordan Greenway122500%0:00
4 vs 4 Defense
Line #DefensePHYDFOFWanted %Time %Time Play
1Ron HainseyRyan Suter122500%0:00
2Tucker PoolmanDeryk Engelland122500%0:00
Last Minutes Offensive
Left WingCenterRight WingDefenseDefense
Andrei SvechnikovElias PetterssonMartin NecasVille HeinolaRyan Suter
Last Minutes Defensive
Left WingCenterRight WingDefenseDefense
Andrei SvechnikovElias PetterssonMartin NecasVille HeinolaRyan Suter
Time
Total ForwardTotal DefenseLast Minutes OffensiveLast Minutes Defensive
60:00 60:00 0:000:00
Extra Forwards
Normal PowerPlayPenalty Kill
Andrei Svechnikov, Frans Nielsen, Jason RobertsonElias Pettersson, Frans NielsenJason Robertson
Extra Defensemen
Normal PowerPlayPenalty Kill
Ron Hainsey, Ryan Suter, Deryk EngellandRon Hainsey, Ryan SuterRon Hainsey
Penalty Shots
Elias Pettersson, Andrei Svechnikov, Jason Robertson, Jordan Greenway, Frans Nielsen
Goalie
Jake Oettinger, Martin Jones
Custom OT Lines Forwards
Elias Pettersson, Andrei Svechnikov, Martin Necas, Jordan Greenway, Warren Foegele, Jason Robertson, Andreas Athanasiou, Dylan Larkin, Mikko Koivu, Frans Nielsen
Custom OT Lines Defensemen
Ville Heinola, Ryan Suter, Brogan Rafferty, Deryk Engelland, Ron Hainsey
Scratches
Travis Hamonic (Healthy), Dylan Cozens (Healthy), Scott Harrington (Left Knee Injury)

Sabres

5 vs 5 Forward
Line #Left WingCenterRight WingPHYDFOFWanted %Time %Time Play
1Andrew CoppNico HischierTanner Pearson0143637%17:23
2Jake DeBruskChris TierneyPhil Kessel0322524%11:25
3Jakob SilfverbergValtteri FilppulaJack Roslovic1222323%11:03
4Anders BjorkBlake LizottePierre Engvall1221615%7:12
5 vs 5 Defense
Line #DefenseDefensePHYDFOFWanted %Time %Time Play
1Torey KrugNick Jensen1313333%15:30
2Robert HaggJonas Brodin1313135%16:38
3Kevan MillerRobert Bortuzzo1312022%10:17
4Robert BortuzzoTorey Krug1221610%4:38
Power Play Forward
Line #Left WingCenterRight WingPHYDFOFWanted %Time %Time Play
1Phil KesselNico HischierJack Roslovic0145044%3:57
2Jakob SilfverbergChris TierneyJake DeBrusk0145056%5:02
Power Play Defense
Line #DefenseDefensePHYDFOFWanted %Time %Time Play
1Jonas BrodinTorey Krug0145054%4:51
2Nick JensenRobert Bortuzzo0145046%4:08
Penalty Kill 4 Players Forward
Line #CenterWingPHYDFOFWanted %Time %Time Play
1Jake DeBruskJakob Silfverberg1405050%1:59
2Chris TierneyPhil Kessel1405050%1:59
Penalty Kill 4 Players Defense
Line #DefenseDefensePHYDFOFWanted %Time %Time Play
1Nick JensenJonas Brodin1405054%2:09
2Torey KrugRobert Bortuzzo1405046%1:49
Penalty Kill 3 Players
Line #WingPHYDFOFWanted %Time %Time PlayDefenseDefensePHYDFOFWanted %Time %Time Play
1Chris Tierney140500%0:00 Robert BortuzzoJonas Brodin140500%0:00
2Jakob Silfverberg140500%0:00 Nick JensenTorey Krug140500%0:00
4 vs 4 Forward
Line #CenterWingPHYDFOFWanted %Time %Time Play
1Jakob SilfverbergJake DeBrusk122500%0:00
2Chris TierneyPhil Kessel122500%0:00
4 vs 4 Defense
Line #DefensePHYDFOFWanted %Time %Time Play
1Jonas BrodinTorey Krug122500%0:00
2Robert BortuzzoNick Jensen122500%0:00
Last Minutes Offensive
Left WingCenterRight WingDefenseDefense
Jakob SilfverbergNico HischierAndrew CoppJonas BrodinTorey Krug
Last Minutes Defensive
Left WingCenterRight WingDefenseDefense
Jakob SilfverbergChris TierneyJack RoslovicRobert BortuzzoRobert Hagg
Time
Total ForwardTotal DefenseLast Minutes OffensiveLast Minutes Defensive
60:00 60:00 0:000:00
Extra Forwards
Normal PowerPlayPenalty Kill
Jakob Silfverberg, Jake DeBrusk, Chris TierneyJack Roslovic, Pierre EngvallJakob Silfverberg
Extra Defensemen
Normal PowerPlayPenalty Kill
Jonas Brodin, Nick Jensen, Torey KrugTorey Krug, Robert BortuzzoJonas Brodin
Penalty Shots
Nico Hischier, Chris Tierney, Phil Kessel, Jakob Silfverberg, Jake DeBrusk
Goalie
Ilya Samsonov, Henrik Lundqvist
Custom OT Lines Forwards
Andrew Copp, Tanner Pearson, Phil Kessel, Jake DeBrusk, Jack Roslovic, Jakob Silfverberg, Nico Hischier, Anders Bjork, Pierre Engvall, Chris Tierney
Custom OT Lines Defensemen
Robert Bortuzzo, Torey Krug, Nick Jensen, Robert Hagg, Jonas Brodin
Scratches
Ilya Lyubushkin (Healthy), Will Butcher (Healthy), Nick Cousins (Healthy)


Play-by-Play

1st period


0:01 of 1st period - Elias Pettersson wins face-off versus Nico Hischier in neutral zone.
0:08 of 1st period - Shot by Elias Pettersson.
0:08 of 1st period - Shot Blocked by Nick Jensen.
0:15 of 1st period - Icing by Nick Jensen.
0:16 of 1st period - Dylan Larkin wins face-off versus Nico Hischier in Sabres zone.
0:31 of 1st period - Brogan Rafferty is hit by Tanner Pearson and loses puck.
0:40 of 1st period - Shot by Nico Hischier.
0:40 of 1st period - Goal by Nico Hischier - Stars : 0 - Sabres : 1.
0:41 of 1st period - Chris Tierney wins face-off versus Andreas Athanasiou in neutral zone.
0:56 of 1st period - Shot by Jonas Brodin.
0:56 of 1st period - Shot Misses the Net.
1:04 of 1st period - Jonas Brodin is hit by Andreas Athanasiou and loses puck.
1:11 of 1st period - Shot by Jason Robertson.
1:11 of 1st period - Shot Blocked by Chris Tierney.
1:13 of 1st period - Shot by Andreas Athanasiou.
1:13 of 1st period - Stopped by Ilya Samsonov without a rebound.
1:14 of 1st period - Valtteri Filppula wins face-off versus Mikko Koivu in Sabres zone.
1:40 of 1st period - Icing by Deryk Engelland.
1:41 of 1st period - Mikko Koivu wins face-off versus Blake Lizotte in Stars zone.
1:46 of 1st period - Dominik Simon is hit by Anders Bjork and loses puck.
2:19 of 1st period - Icing by Ryan Suter.
2:20 of 1st period - Mikko Koivu wins face-off versus Nico Hischier in Stars zone.
2:20 of 1st period - Mikko Koivu is hit by Tanner Pearson.
2:59 of 1st period - Shot by Nico Hischier.
2:59 of 1st period - Shot Misses the Net.
3:30 of 1st period - Icing by Robert Bortuzzo.
3:31 of 1st period - Nico Hischier wins face-off versus Cody Glass in Sabres zone.
3:50 of 1st period - Shot by Dylan Larkin.
3:50 of 1st period - Stopped by Ilya Samsonov without a rebound.
3:51 of 1st period - Chris Tierney wins face-off versus Andreas Athanasiou in Sabres zone.
4:08 of 1st period - Shot by Andreas Athanasiou.
4:08 of 1st period - Shot Misses the Net.
5:36 of 1st period - Shot by Blake Lizotte.
5:36 of 1st period - Shot Blocked by Ryan Suter.
5:38 of 1st period - Shot by Pierre Engvall.
5:38 of 1st period - Stopped by Jake Oettinger with a rebound.
6:58 of 1st period - Shot by Nico Hischier.
6:58 of 1st period - Shot Misses the Net.
7:56 of 1st period - Shot by Jason Robertson.
7:56 of 1st period - Shot Hit the Post.
8:01 of 1st period - Andreas Athanasiou is hit by Torey Krug.
8:08 of 1st period - Andreas Athanasiou is hit by Torey Krug and loses puck.
8:16 of 1st period - Icing by Nick Jensen.
8:17 of 1st period - Valtteri Filppula wins face-off versus Mikko Koivu in Sabres zone.
8:17 of 1st period - Jack Roslovic is hit by Frans Nielsen and loses puck.
8:25 of 1st period - Icing by Torey Krug.
8:26 of 1st period - Mikko Koivu wins face-off versus Valtteri Filppula in Sabres zone.
8:49 of 1st period - Shot by Mikko Koivu.
8:49 of 1st period - Shot Misses the Net.
8:51 of 1st period - Shot by Mikko Koivu.
8:51 of 1st period - Deflect By Frans Nielsen.
8:51 of 1st period - Goal by Frans Nielsen - Stars : 1 - Sabres : 1.
8:52 of 1st period - Elias Pettersson wins face-off versus Chris Tierney in neutral zone.
9:18 of 1st period - Shot by Andrei Svechnikov.
9:18 of 1st period - Stopped by Ilya Samsonov without a rebound.
9:19 of 1st period - Dylan Larkin wins face-off versus Nico Hischier in Sabres zone.
9:22 of 1st period - Shot by Jordan Greenway.
9:22 of 1st period - Stopped by Ilya Samsonov without a rebound.
9:23 of 1st period - Dylan Larkin wins face-off versus Andrew Copp in Sabres zone.
9:42 of 1st period - Jonas Brodin is hit by Jordan Greenway and loses puck.
10:16 of 1st period - Off-side.
10:17 of 1st period - Chris Tierney wins face-off versus Elias Pettersson in neutral zone.
10:57 of 1st period - Minor Penalty to Deryk Engelland for Holding.
10:58 of 1st period - Jason Robertson wins face-off versus Nico Hischier in Stars zone.
10:58 of 1st period - Jason Robertson is hit by Jack Roslovic.
11:48 of 1st period - Shot by Robert Bortuzzo.
11:48 of 1st period - Stopped by Jake Oettinger with a rebound.
12:03 of 1st period - Shot by Jake DeBrusk.
12:03 of 1st period - Stopped by Jake Oettinger without a rebound.
12:04 of 1st period - Jake DeBrusk wins face-off versus Jason Robertson in Stars zone.
13:06 of 1st period - Shot by Anders Bjork.
13:06 of 1st period - Shot Misses the Net.
13:08 of 1st period - Shot by Blake Lizotte.
13:08 of 1st period - Deflect By Pierre Engvall.
13:08 of 1st period - Shot Misses the Net.
13:10 of 1st period - Shot by Kevan Miller.
13:10 of 1st period - Stopped by Jake Oettinger without a rebound.
13:11 of 1st period - Mikko Koivu wins face-off versus Nico Hischier in Stars zone.
13:16 of 1st period - Shot by Andrew Copp.
13:16 of 1st period - Stopped by Jake Oettinger without a rebound.
13:17 of 1st period - Pierre Engvall wins face-off versus Mikko Koivu in Stars zone.
14:07 of 1st period - Icing by Mikko Koivu.
14:08 of 1st period - Nico Hischier wins face-off versus Mikko Koivu in Stars zone.
14:23 of 1st period - Shot by Andrew Copp.
14:23 of 1st period - Stopped by Jake Oettinger with a rebound.
15:09 of 1st period - Jake DeBrusk is hit by Tucker Poolman and loses puck.
15:16 of 1st period - Shot by Jake DeBrusk.
15:16 of 1st period - Shot Misses the Net.
15:38 of 1st period - Shot by Phil Kessel.
15:38 of 1st period - Stopped by Jake Oettinger without a rebound.
15:39 of 1st period - Valtteri Filppula wins face-off versus Andreas Athanasiou in Stars zone.
15:44 of 1st period - Shot by Jack Roslovic.
15:44 of 1st period - Stopped by Jake Oettinger without a rebound.
15:45 of 1st period - Valtteri Filppula wins face-off versus Andreas Athanasiou in Stars zone.
15:55 of 1st period - Torey Krug is hit by Warren Foegele.
16:22 of 1st period - Shot by Warren Foegele.
16:22 of 1st period - Stopped by Ilya Samsonov without a rebound.
16:23 of 1st period - Elias Pettersson wins face-off versus Andrew Copp in Sabres zone.
16:32 of 1st period - Shot by Martin Necas.
16:32 of 1st period - Deflect By Elias Pettersson.
16:32 of 1st period - Stopped by Ilya Samsonov without a rebound.
16:33 of 1st period - Dylan Larkin wins face-off versus Chris Tierney in Sabres zone.
16:43 of 1st period - Phil Kessel is hit by Jordan Greenway and loses puck.
16:47 of 1st period - Brogan Rafferty is hit by Robert Bortuzzo and loses puck.
16:50 of 1st period - Shot by Jordan Greenway.
16:50 of 1st period - Stopped by Ilya Samsonov without a rebound.
16:51 of 1st period - Nico Hischier wins face-off versus Elias Pettersson in Sabres zone.
16:55 of 1st period - Off-side.
16:56 of 1st period - Nico Hischier wins face-off versus Elias Pettersson in neutral zone.
17:02 of 1st period - Torey Krug is hit by Ryan Suter and loses puck.
17:10 of 1st period - Andrei Svechnikov is hit by Robert Bortuzzo and loses puck.
17:27 of 1st period - Shot by Andrei Svechnikov.
17:27 of 1st period - Deflect By Elias Pettersson.
17:27 of 1st period - Stopped by Ilya Samsonov with a rebound.
17:30 of 1st period - Elias Pettersson is hit by Robert Bortuzzo and loses puck.
18:13 of 1st period - Icing by Jake DeBrusk.
18:14 of 1st period - Andreas Athanasiou wins face-off versus Chris Tierney in Sabres zone.
18:41 of 1st period - Shot by Jake DeBrusk.
18:41 of 1st period - Stopped by Jake Oettinger without a rebound.
18:42 of 1st period - Valtteri Filppula wins face-off versus Dylan Larkin in Stars zone.
18:49 of 1st period - Shot by Jakob Silfverberg.
18:49 of 1st period - Stopped by Jake Oettinger with a rebound.
18:59 of 1st period - Deryk Engelland is hit by Valtteri Filppula and loses puck.
19:40 of 1st period - Shot by Nico Hischier.
19:40 of 1st period - Stopped by Jake Oettinger without a rebound.
19:41 of 1st period - Blake Lizotte wins face-off versus Elias Pettersson in Stars zone.
19:42 of 1st period - Shot by Anders Bjork.
19:42 of 1st period - Deflect By Pierre Engvall.
19:42 of 1st period - Shot Misses the Net.
Goals for this period are 1 for Stars vs 1 for Sabres.
Shots for this period are 9 for Stars vs 12 for Sabres.

2nd period


0:01 of 2nd period - Andreas Athanasiou wins face-off versus Tanner Pearson in neutral zone.
0:01 of 2nd period - Ryan Suter is hit by Tanner Pearson.
0:05 of 2nd period - Shot by Jason Robertson.
0:05 of 2nd period - Stopped by Ilya Samsonov without a rebound.
0:06 of 2nd period - Nico Hischier wins face-off versus Andreas Athanasiou in Sabres zone.
0:06 of 2nd period - Torey Krug is hit by Warren Foegele and loses puck.
0:43 of 2nd period - Minor Penalty to Deryk Engelland for Roughing.
0:44 of 2nd period - Elias Pettersson wins face-off versus Chris Tierney in Stars zone.
1:12 of 2nd period - Shot by Jakob Silfverberg.
1:12 of 2nd period - Shot Misses the Net.
1:42 of 2nd period - Shot by Phil Kessel.
1:42 of 2nd period - Stopped by Jake Oettinger with a rebound.
1:44 of 2nd period - Shot by Jonas Brodin.
1:44 of 2nd period - Stopped by Jake Oettinger without a rebound.
1:45 of 2nd period - Nico Hischier wins face-off versus Jason Robertson in Stars zone.
1:48 of 2nd period - Shot by Phil Kessel.
1:48 of 2nd period - Stopped by Jake Oettinger without a rebound.
1:49 of 2nd period - Nico Hischier wins face-off versus Jason Robertson in Stars zone.
1:54 of 2nd period - Shot by Jack Roslovic.
1:54 of 2nd period - Stopped by Jake Oettinger without a rebound.
1:55 of 2nd period - Chris Tierney wins face-off versus Jason Robertson in Stars zone.
2:37 of 2nd period - Shot by Jake DeBrusk.
2:37 of 2nd period - Stopped by Jake Oettinger with a rebound.
3:59 of 2nd period - Shot by Martin Necas.
3:59 of 2nd period - Stopped by Ilya Samsonov without a rebound.
4:00 of 2nd period - Nico Hischier wins face-off versus Dylan Larkin in Sabres zone.
4:00 of 2nd period - Nico Hischier is hit by Jordan Greenway.
4:13 of 2nd period - Shot by Dylan Larkin.
4:13 of 2nd period - Shot Misses the Net.
4:28 of 2nd period - Dylan Larkin is hit by Robert Hagg and loses puck.
4:58 of 2nd period - Minor Penalty to Robert Hagg for Interference.
4:59 of 2nd period - Jake DeBrusk wins face-off versus Elias Pettersson in Sabres zone.
5:10 of 2nd period - Shot by Ryan Suter.
5:10 of 2nd period - Shot Misses the Net.
5:14 of 2nd period - Shot by Andrei Svechnikov.
5:14 of 2nd period - Stopped by Ilya Samsonov with a rebound.
5:16 of 2nd period - Shot by Jordan Greenway.
5:16 of 2nd period - Shot Misses the Net.
5:28 of 2nd period - Shot by Elias Pettersson.
5:28 of 2nd period - Stopped by Ilya Samsonov without a rebound.
5:29 of 2nd period - Jake DeBrusk wins face-off versus Dylan Larkin in Sabres zone.
6:53 of 2nd period - Shot by Elias Pettersson.
6:53 of 2nd period - Deflect By Andrei Svechnikov.
6:53 of 2nd period - Stopped by Ilya Samsonov without a rebound.
6:54 of 2nd period - Jake DeBrusk wins face-off versus Dylan Larkin in Sabres zone.
7:07 of 2nd period - Shot by Jonas Brodin.
7:07 of 2nd period - Stopped by Jake Oettinger without a rebound.
7:08 of 2nd period - Martin Necas wins face-off versus Nico Hischier in Stars zone.
8:23 of 2nd period - Chris Tierney is hit by Deryk Engelland and loses puck.
9:05 of 2nd period - Andreas Athanasiou is hit by Robert Bortuzzo and loses puck.
9:20 of 2nd period - Cody Glass is hit by Jack Roslovic.
9:39 of 2nd period - Shot by Dylan Larkin.
9:39 of 2nd period - Deflect By Jordan Greenway.
9:39 of 2nd period - Shot Blocked by Kevan Miller.
9:41 of 2nd period - Shot by Brogan Rafferty.
9:41 of 2nd period - Stopped by Ilya Samsonov without a rebound.
9:42 of 2nd period - Nico Hischier wins face-off versus Mikko Koivu in Sabres zone.
10:11 of 2nd period - Shot by Dominik Simon.
10:11 of 2nd period - Stopped by Ilya Samsonov without a rebound.
10:12 of 2nd period - Elias Pettersson wins face-off versus Chris Tierney in Sabres zone.
10:21 of 2nd period - Shot by Andrei Svechnikov.
10:21 of 2nd period - Stopped by Ilya Samsonov without a rebound.
10:22 of 2nd period - Dylan Larkin wins face-off versus Blake Lizotte in Sabres zone.
10:29 of 2nd period - Shot by Jordan Greenway.
10:29 of 2nd period - Deflect By Dylan Larkin.
10:29 of 2nd period - Stopped by Ilya Samsonov without a rebound.
10:30 of 2nd period - Chris Tierney wins face-off versus Elias Pettersson in Sabres zone.
10:30 of 2nd period - Chris Tierney is hit by Andrei Svechnikov.
10:33 of 2nd period - Icing by Jake DeBrusk.
10:34 of 2nd period - Andrei Svechnikov wins face-off versus Chris Tierney in Sabres zone.
11:00 of 2nd period - Shot by Andrei Svechnikov.
11:00 of 2nd period - Shot Misses the Net.
11:09 of 2nd period - Chris Tierney is hit by Deryk Engelland and loses puck.
11:48 of 2nd period - Andrew Copp is hit by Deryk Engelland and loses puck.
12:26 of 2nd period - Shot by Jack Roslovic.
12:26 of 2nd period - Deflect By Jakob Silfverberg.
12:26 of 2nd period - Stopped by Jake Oettinger without a rebound.
12:27 of 2nd period - Dylan Larkin wins face-off versus Blake Lizotte in Stars zone.
12:27 of 2nd period - Dylan Larkin is hit by Pierre Engvall.
12:37 of 2nd period - Shot by Dylan Larkin.
12:37 of 2nd period - Stopped by Ilya Samsonov without a rebound.
12:38 of 2nd period - Andreas Athanasiou wins face-off versus Valtteri Filppula in Sabres zone.
13:36 of 2nd period - Icing by Jordan Greenway.
13:37 of 2nd period - Chris Tierney wins face-off versus Dylan Larkin in Stars zone.
13:38 of 2nd period - Shot by Jake DeBrusk.
13:38 of 2nd period - Shot Misses the Net.
13:40 of 2nd period - Shot by Chris Tierney.
13:40 of 2nd period - Stopped by Jake Oettinger without a rebound.
13:41 of 2nd period - Nico Hischier wins face-off versus Dylan Larkin in Stars zone.
13:54 of 2nd period - Shot by Tanner Pearson.
13:54 of 2nd period - Shot Blocked by Jordan Greenway.
13:56 of 2nd period - Shot by Andrew Copp.
13:56 of 2nd period - Stopped by Jake Oettinger without a rebound.
13:57 of 2nd period - Mikko Koivu wins face-off versus Chris Tierney in Stars zone.
14:18 of 2nd period - Shot by Mikko Koivu.
14:18 of 2nd period - Shot Misses the Net.
14:50 of 2nd period - Andrew Copp is hit by Mikko Koivu and loses puck.
15:21 of 2nd period - Shot by Nico Hischier.
15:21 of 2nd period - Shot Misses the Net.
15:25 of 2nd period - Shot by Nico Hischier.
15:25 of 2nd period - Shot Misses the Net.
15:57 of 2nd period - Shot by Andreas Athanasiou.
15:57 of 2nd period - Shot Blocked by Jack Roslovic.
16:10 of 2nd period - Shot by Warren Foegele.
16:10 of 2nd period - Stopped by Ilya Samsonov without a rebound.
16:11 of 2nd period - Elias Pettersson wins face-off versus Chris Tierney in Sabres zone.
16:12 of 2nd period - Shot by Martin Necas.
16:12 of 2nd period - Stopped by Ilya Samsonov without a rebound.
16:13 of 2nd period - Chris Tierney wins face-off versus Elias Pettersson in Sabres zone.
16:19 of 2nd period - Minor Penalty to Ryan Suter for Holding Stick.
16:20 of 2nd period - Nico Hischier wins face-off versus Elias Pettersson in Stars zone.
16:25 of 2nd period - Shot by Nico Hischier.
16:25 of 2nd period - Shot Blocked by Ron Hainsey.
16:27 of 2nd period - Shot by Nick Jensen.
16:27 of 2nd period - Stopped by Jake Oettinger without a rebound.
16:28 of 2nd period - Chris Tierney wins face-off versus Andrei Svechnikov in Stars zone.
16:29 of 2nd period - Shot by Jakob Silfverberg.
16:29 of 2nd period - Stopped by Jake Oettinger with a rebound.
17:10 of 2nd period - Shot by Robert Bortuzzo.
17:10 of 2nd period - Stopped by Jake Oettinger with a rebound.
17:22 of 2nd period - Shot by Jonas Brodin.
17:22 of 2nd period - Deflect By Jack Roslovic.
17:22 of 2nd period - Shot Blocked by Ron Hainsey.
17:30 of 2nd period - Shot by Jack Roslovic.
17:30 of 2nd period - Shot Misses the Net.
17:32 of 2nd period - Shot by Jack Roslovic.
17:32 of 2nd period - Stopped by Jake Oettinger without a rebound.
17:33 of 2nd period - Elias Pettersson wins face-off versus Nico Hischier in Stars zone.
17:55 of 2nd period - Nico Hischier is hit by Deryk Engelland and loses puck.
18:34 of 2nd period - Shot by Dominik Simon.
18:34 of 2nd period - Stopped by Ilya Samsonov without a rebound.
18:35 of 2nd period - Blake Lizotte wins face-off versus Dylan Larkin in Sabres zone.
18:44 of 2nd period - Shot by Pierre Engvall.
18:44 of 2nd period - Stopped by Jake Oettinger without a rebound.
18:45 of 2nd period - Nico Hischier wins face-off versus Andreas Athanasiou in Stars zone.
18:47 of 2nd period - Andrew Copp is hit by Deryk Engelland and loses puck.
19:55 of 2nd period - Icing by Ron Hainsey.
19:56 of 2nd period - Dylan Larkin wins face-off versus Jack Roslovic in Stars zone.
Goals for this period are 0 for Stars vs 0 for Sabres.
Shots for this period are 13 for Stars vs 14 for Sabres.

3rd period


0:01 of 3rd period - Andrew Copp wins face-off versus Dylan Larkin in neutral zone.
0:01 of 3rd period - Andrew Copp is hit by Jordan Greenway.
0:06 of 3rd period - Nico Hischier is hit by Ville Heinola and loses puck.
0:19 of 3rd period - Shot by Tanner Pearson.
0:19 of 3rd period - Stopped by Jake Oettinger without a rebound.
0:20 of 3rd period - Elias Pettersson wins face-off versus Chris Tierney in Stars zone.
0:37 of 3rd period - Shot by Martin Necas.
0:37 of 3rd period - Shot Misses the Net.
0:39 of 3rd period - Shot by Deryk Engelland.
0:39 of 3rd period - Shot Blocked by Robert Hagg.
0:41 of 3rd period - Shot by Deryk Engelland.
0:41 of 3rd period - Shot Misses the Net.
0:53 of 3rd period - Shot by Phil Kessel.
0:53 of 3rd period - Stopped by Jake Oettinger without a rebound.
0:54 of 3rd period - Dylan Larkin wins face-off versus Nico Hischier in Stars zone.
0:58 of 3rd period - Off-side.
0:59 of 3rd period - Nico Hischier wins face-off versus Dylan Larkin in neutral zone.
1:05 of 3rd period - Icing by Ryan Suter.
1:06 of 3rd period - Dylan Larkin wins face-off versus Valtteri Filppula in Stars zone.
1:06 of 3rd period - Dylan Larkin is hit by Jack Roslovic.
1:51 of 3rd period - Icing by Ryan Suter.
1:52 of 3rd period - Nico Hischier wins face-off versus Dylan Larkin in Stars zone.
2:00 of 3rd period - Shot by Andrew Copp.
2:00 of 3rd period - Stopped by Jake Oettinger without a rebound.
2:01 of 3rd period - Elias Pettersson wins face-off versus Nico Hischier in Stars zone.
2:22 of 3rd period - Shot by Elias Pettersson.
2:22 of 3rd period - Shot Misses the Net.
2:24 of 3rd period - Shot by Deryk Engelland.
2:24 of 3rd period - Shot Misses the Net.
2:34 of 3rd period - Shot by Elias Pettersson.
2:34 of 3rd period - Shot Blocked by Jonas Brodin.
2:40 of 3rd period - Shot by Elias Pettersson.
2:40 of 3rd period - Stopped by Ilya Samsonov without a rebound.
2:41 of 3rd period - Chris Tierney wins face-off versus Andreas Athanasiou in Sabres zone.
2:41 of 3rd period - Chris Tierney is hit by Warren Foegele.
2:44 of 3rd period - Minor Penalty to Andreas Athanasiou for Hooking.
2:45 of 3rd period - Chris Tierney wins face-off versus Jason Robertson in Stars zone.
3:04 of 3rd period - Shot by Jakob Silfverberg.
3:04 of 3rd period - Shot Blocked by Deryk Engelland.
4:14 of 3rd period - Shot by Jonas Brodin.
4:14 of 3rd period - Shot Misses the Net.
4:34 of 3rd period - Shot by Jakob Silfverberg.
4:34 of 3rd period - Stopped by Jake Oettinger with a rebound.
4:36 of 3rd period - Shot by Jake DeBrusk.
4:36 of 3rd period - Stopped by Jake Oettinger without a rebound.
4:37 of 3rd period - Chris Tierney wins face-off versus Jason Robertson in Stars zone.
4:56 of 3rd period - Shot by Blake Lizotte.
4:56 of 3rd period - Stopped by Jake Oettinger without a rebound.
4:57 of 3rd period - Mikko Koivu wins face-off versus Blake Lizotte in Stars zone.
5:10 of 3rd period - Shot by Mikko Koivu.
5:10 of 3rd period - Goal by Mikko Koivu - Stars : 2 - Sabres : 1.
5:11 of 3rd period - Nico Hischier wins face-off versus Elias Pettersson in neutral zone.
5:39 of 3rd period - Icing by Andrew Copp.
5:40 of 3rd period - Nico Hischier wins face-off versus Dylan Larkin in Sabres zone.
5:40 of 3rd period - Nico Hischier is hit by Jordan Greenway.
5:41 of 3rd period - Minor Penalty to Jordan Greenway for Hooking.
5:42 of 3rd period - Jason Robertson wins face-off versus Chris Tierney in Stars zone.
6:08 of 3rd period - Shot by Jonas Brodin.
6:08 of 3rd period - Stopped by Jake Oettinger without a rebound.
6:09 of 3rd period - Jason Robertson wins face-off versus Nico Hischier in Stars zone.
6:22 of 3rd period - Shot by Phil Kessel.
6:22 of 3rd period - Shot Misses the Net.
6:38 of 3rd period - Shot by Robert Bortuzzo.
6:38 of 3rd period - Stopped by Jake Oettinger without a rebound.
6:39 of 3rd period - Chris Tierney wins face-off versus Elias Pettersson in Stars zone.
6:44 of 3rd period - Shot by Jake DeBrusk.
6:44 of 3rd period - Goal by Jake DeBrusk - Stars : 2 - Sabres : 2.
6:45 of 3rd period - Blake Lizotte wins face-off versus Jordan Greenway in neutral zone.
6:52 of 3rd period - Shot by Pierre Engvall.
6:52 of 3rd period - Shot Misses the Net.
7:16 of 3rd period - Shot by Jordan Greenway.
7:16 of 3rd period - Shot Blocked by Jonas Brodin.
7:28 of 3rd period - Icing by Dylan Larkin.
7:29 of 3rd period - Dylan Larkin wins face-off versus Chris Tierney in Stars zone.
7:34 of 3rd period - Shot by Jake DeBrusk.
7:34 of 3rd period - Shot Misses the Net.
7:44 of 3rd period - Shot by Chris Tierney.
7:44 of 3rd period - Deflect By Jake DeBrusk.
7:44 of 3rd period - Stopped by Jake Oettinger without a rebound.
7:45 of 3rd period - Nico Hischier wins face-off versus Elias Pettersson in Stars zone.
7:57 of 3rd period - Minor Penalty to Nico Hischier for Roughing.
7:58 of 3rd period - Dylan Larkin wins face-off versus Jake DeBrusk in Sabres zone.
7:59 of 3rd period - Shot by Ryan Suter.
7:59 of 3rd period - Shot Blocked by Jonas Brodin.
8:01 of 3rd period - Shot by Ron Hainsey.
8:01 of 3rd period - Shot Hit the Post.
9:57 of 3rd period - Shot by Jakob Silfverberg.
9:57 of 3rd period - Stopped by Jake Oettinger without a rebound.
9:58 of 3rd period - Elias Pettersson wins face-off versus Andrew Copp in Stars zone.
9:58 of 3rd period - Elias Pettersson is hit by Tanner Pearson.
10:01 of 3rd period - Icing by Martin Necas.
10:02 of 3rd period - Nico Hischier wins face-off versus Elias Pettersson in Stars zone.
10:20 of 3rd period - Shot by Andrew Copp.
10:20 of 3rd period - Deflect By Nico Hischier.
10:20 of 3rd period - Stopped by Jake Oettinger without a rebound.
10:21 of 3rd period - Valtteri Filppula wins face-off versus Andreas Athanasiou in Stars zone.
10:44 of 3rd period - Shot by Andreas Athanasiou.
10:44 of 3rd period - Deflect By Jason Robertson.
10:44 of 3rd period - Stopped by Ilya Samsonov without a rebound.
10:45 of 3rd period - Chris Tierney wins face-off versus Mikko Koivu in Sabres zone.
10:45 of 3rd period - Chris Tierney is hit by Mikko Koivu.
10:54 of 3rd period - Off-side.
10:55 of 3rd period - Nico Hischier wins face-off versus Elias Pettersson in neutral zone.
10:58 of 3rd period - Ryan Suter is hit by Tanner Pearson and loses puck.
11:31 of 3rd period - Shot by Elias Pettersson.
11:31 of 3rd period - Stopped by Ilya Samsonov without a rebound.
11:32 of 3rd period - Dylan Larkin wins face-off versus Jake DeBrusk in Sabres zone.
12:03 of 3rd period - Shot by Dylan Larkin.
12:03 of 3rd period - Shot Misses the Net.
12:05 of 3rd period - Shot by Jordan Greenway.
12:05 of 3rd period - Stopped by Ilya Samsonov without a rebound.
12:06 of 3rd period - Valtteri Filppula wins face-off versus Andreas Athanasiou in Sabres zone.
12:06 of 3rd period - Valtteri Filppula is hit by Warren Foegele.
12:36 of 3rd period - Icing by Jakob Silfverberg.
12:37 of 3rd period - Valtteri Filppula wins face-off versus Elias Pettersson in Sabres zone.
12:48 of 3rd period - Shot by Jack Roslovic.
12:48 of 3rd period - Deflect By Jakob Silfverberg.
12:48 of 3rd period - Stopped by Jake Oettinger without a rebound.
12:49 of 3rd period - Dylan Larkin wins face-off versus Chris Tierney in Stars zone.
13:13 of 3rd period - Shot by Jonas Brodin.
13:13 of 3rd period - Stopped by Jake Oettinger without a rebound.
13:14 of 3rd period - Andrei Svechnikov wins face-off versus Nico Hischier in Stars zone.
13:25 of 3rd period - Shot by Andrei Svechnikov.
13:25 of 3rd period - Stopped by Ilya Samsonov with a rebound.
13:27 of 3rd period - Shot by Elias Pettersson.
13:27 of 3rd period - Stopped by Ilya Samsonov with a rebound.
13:31 of 3rd period - Shot by Martin Necas.
13:31 of 3rd period - Stopped by Ilya Samsonov without a rebound.
13:32 of 3rd period - Chris Tierney wins face-off versus Andreas Athanasiou in Sabres zone.
13:41 of 3rd period - Shot by Jake DeBrusk.
13:41 of 3rd period - Stopped by Jake Oettinger without a rebound.
13:42 of 3rd period - Dylan Larkin wins face-off versus Nico Hischier in Stars zone.
14:09 of 3rd period - Shot by Torey Krug.
14:09 of 3rd period - Stopped by Jake Oettinger without a rebound.
14:10 of 3rd period - Elias Pettersson wins face-off versus Chris Tierney in Stars zone.
14:49 of 3rd period - Shot by Elias Pettersson.
14:49 of 3rd period - Stopped by Ilya Samsonov without a rebound.
14:50 of 3rd period - Nico Hischier wins face-off versus Andreas Athanasiou in Sabres zone.
14:50 of 3rd period - Nico Hischier is hit by Warren Foegele.
15:41 of 3rd period - Icing by Deryk Engelland.
15:42 of 3rd period - Jack Roslovic wins face-off versus Andreas Athanasiou in Stars zone.
15:57 of 3rd period - Shot by Jordan Greenway.
15:57 of 3rd period - Stopped by Ilya Samsonov without a rebound.
15:58 of 3rd period - Dylan Larkin wins face-off versus Chris Tierney in Sabres zone.
16:27 of 3rd period - Shot by Jake DeBrusk.
16:27 of 3rd period - Stopped by Jake Oettinger with a rebound.
16:51 of 3rd period - Ryan Suter is hit by Nick Jensen and loses puck.
17:09 of 3rd period - Andrei Svechnikov is hit by Jakob Silfverberg and loses puck.
17:13 of 3rd period - Ron Hainsey is hit by Torey Krug and loses puck.
17:28 of 3rd period - Shot by Andrei Svechnikov.
17:28 of 3rd period - Stopped by Ilya Samsonov without a rebound.
17:29 of 3rd period - Nico Hischier wins face-off versus Andreas Athanasiou in Sabres zone.
17:29 of 3rd period - Nico Hischier is hit by Warren Foegele.
17:38 of 3rd period - Warren Foegele is hit by Robert Hagg and loses puck.
18:03 of 3rd period - Shot by Andreas Athanasiou.
18:03 of 3rd period - Stopped by Ilya Samsonov without a rebound.
18:04 of 3rd period - Blake Lizotte wins face-off versus Elias Pettersson in Sabres zone.
18:19 of 3rd period - Shot by Martin Necas.
18:19 of 3rd period - Stopped by Ilya Samsonov without a rebound.
18:20 of 3rd period - Dylan Larkin wins face-off versus Valtteri Filppula in Sabres zone.
18:40 of 3rd period - Cody Glass is hit by Torey Krug and loses puck.
Goals for this period are 1 for Stars vs 1 for Sabres.
Shots for this period are 13 for Stars vs 17 for Sabres.

Overtime #1


0:01 of 1st overtime period - Elias Pettersson wins face-off versus Andrew Copp in neutral zone.
0:28 of 1st overtime period - Shot by Elias Pettersson.
0:28 of 1st overtime period - Shot Misses the Net.
0:32 of 1st overtime period - Shot by Andrei Svechnikov.
0:32 of 1st overtime period - Shot Misses the Net.
0:34 of 1st overtime period - Shot by Ville Heinola.
0:34 of 1st overtime period - Goal by Ville Heinola - Stars : 3 - Sabres : 2.
Goals for this period are 1 for Stars vs 0 for Sabres.
Shots for this period are 1 for Stars vs 0 for Sabres.